Map: 16-Bit LE

Players

LiquidTLO (TLO)

  • Race: Zerg Zerg
  • Spawn Location: 1:00

Elazer - Winner!

  • Race: Zerg Zerg
  • Spawn Location: 7:00

Event: WCS Austin 2018

VOD

Have the link to the VOD?

Description

Time

  • Played on: June 2, 2018, 7:33 p.m.
  • Length: 9:04

All games in this series

Show
View Real Time Build Order
Export as new Build Order

LiquidTLO Zerg 

Build Orders: Hatch First 

Get SALT Encoding   

  12  0:00  Drone  
  13  0:09  Drone  
  14  0:17  Overlord  
  14  0:35  Drone x2  
  16  0:49  Hatchery  
  15  0:52  Drone  
  15  0:56  Drone  
  17  1:00  Drone  
  18  1:07  Extractor  
  17  1:17  Spawning Pool  
  16  1:20  Drone  
  16  1:23  Drone  
  18  1:29  Drone  
  19  1:42  Overlord  
  19  1:51  Drone  
  20  2:02  Drone x2  
  20  2:03  Queen  
  20  2:04  Queen  
  26  2:11  Metabolic Boost  
  26  2:15  Zergling x2  
  27  2:18  Drone  
  28  2:23  Drone  
  28  2:25  Drone  
  30  2:34  Drone  
  30  2:35  Drone  
  32  2:47  Hatchery  
  32  2:49  Overlord  
  31  2:55  Baneling Nest  
  31  2:56  Drone  
  31  3:00  Zergling x2  
  31  3:02  Drone  
  33  3:08  Drone x2  
  33  3:11  Drone  
  33  3:12  Zergling x4  
  38  3:14  Drone  
  38  3:17  Drone  
  40  3:21  Queen  
  42  3:30  Drone  
  42  3:32  Overlord  
  43  3:36  Drone  
  43  3:39  Overlord  
  44  3:42  Overlord  
  44  3:46  Extractor  
  44  3:47  Drone, Extractor x2  
  44  3:48  Lair  
  41  3:50  Baneling  
  41  3:52  Drone  
  41  3:53  Zergling x2  
  44  3:55  Drone  
  44  3:57  Drone  
  44  4:00  Drone  
  44  4:02  Drone  
  47  4:03  Drone  
  47  4:06  Drone  
  47  4:07  Drone  
  47  4:09  Drone  
  51  4:10  Baneling  
  51  4:12  Drone  
  51  4:14  Drone  
  51  4:16  Drone  
  54  4:19  Overlord  
  54  4:21  Drone  
  55  4:25  Drone  
  55  4:26  Drone  
  55  4:27  Drone  
  55  4:28  Baneling  
  55  4:29  Zergling x2  
  57  4:31  Zergling x2  
  57  4:37  Drone  
  54  4:42  Queen  
  54  4:44  Zergling x2  
  54  4:45  Drone x2, Baneling  
  59  4:52  Spire  
  58  4:55  Extractor  
  58  4:56  Drone, Extractor  
  58  4:57  Drone  
  58  4:58  Drone  
  59  5:00  Drone  
  59  5:04  Drone  
  59  5:05  Drone x2  
  63  5:07  Drone  
  63  5:10  Drone x2  
  63  5:12  Drone  
  66  5:14  Baneling  
  66  5:17  Overlord  
  66  5:18  Drone  
  66  5:20  Baneling x2  
  66  5:21  Drone  
  68  5:24  Drone  
  69  5:29  Overlord  
  69  5:30  Drone  
  69  5:31  Evolution Chamber, Zergling x4  
  69  5:33  Zergling x2  
  71  5:36  Zergling x2  
  71  5:39  Zergling x4  
  71  5:42  Zergling x2  
  73  5:44  Zergling x2  
  73  5:45  Zergling x2  
  73  5:47  Queen  
  73  5:48  Zergling x2  
  78  5:51  Baneling x2, Zergling x2  
  78  5:54  Zergling x4  
  78  5:55  Baneling  
  78  5:56  Zergling x2  
  78  5:58  Queen  
  78  6:03  Mutalisk  
  78  6:04  Mutalisk  
  73  6:05  Mutalisk  
  73  6:07  Zergling x2  
  73  6:08  Mutalisk  
  75  6:13  Mutalisk  
  75  6:14  Mutalisk  
  75  6:15  Mutalisk  
  79  6:20  Queen  
  79  6:24  Zerg Flyer Armor Level 1  
  81  6:27  Mutalisk  
  81  6:30  Mutalisk  
  85  6:34  Mutalisk  
  85  6:37  Overlord  
  85  6:38  Mutalisk  
  89  6:41  Overlord  
  89  6:43  Zerg Melee Weapons Level 1  
  86  6:47  Overlord  
  86  6:55  Mutalisk x2  
  86  6:59  Mutalisk  
  86  7:01  Spore Crawler, Mutalisk  
  90  7:02  Spore Crawler  
  90  7:04  Mutalisk  
  90  7:06  Mutalisk  
  95  7:09  Drone  
  95  7:12  Mutalisk  
  95  7:13  Baneling  
  89  7:18  Mutalisk  
  89  7:22  Drone x2  
  92  7:25  Drone  
  92  7:28  Drone  
  93  7:30  Mutalisk  
  93  7:32  Drone  
  93  7:34  Drone  
  97  7:38  Mutalisk  
  97  7:41  Drone  
  98  7:46  Drone x2  
  98  7:51  Drone  
  98  7:53  Zergling x2  
  84  8:07  Mutalisk x3  
  84  8:08  Drone  
  84  8:09  Queen, Zergling x4  
  84  8:12  Zergling x2  
  94  8:15  Zergling x2  
  94  8:17  Zergling x2  
  94  8:18  Zergling x2  
  95  8:20  Mutalisk  
  95  8:24  Zergling x2  
  95  8:25  Overlord  
  98  8:32  Baneling x2  
  98  8:33  Overlord  
  97  8:39  Overlord  
Show
View Real Time Build Order
Export as new Build Order

Elazer Zerg - Winner!

Build Orders: Hatch First 

Get SALT Encoding   

  12  0:00  Drone  
  13  0:13  Overlord  
  13  0:18  Drone  
  14  0:31  Drone x2  
  16  0:50  Hatchery  
  16  0:53  Drone  
  16  0:57  Drone  
  17  1:00  Drone  
  18  1:10  Extractor  
  17  1:15  Spawning Pool  
  16  1:19  Drone  
  16  1:22  Drone  
  18  1:29  Drone  
  19  1:39  Drone  
  20  1:50  Overlord  
  20  2:02  Drone, Queen x2  
  20  2:03  Drone  
  26  2:10  Metabolic Boost  
  26  2:18  Zergling x4  
  28  2:27  Drone x2  
  30  2:32  Spine Crawler  
  30  2:35  Drone x2  
  31  2:40  Baneling Nest  
  31  2:47  Drone x2  
  33  2:55  Hatchery  
  32  2:59  Overlord  
  32  3:03  Drone  
  34  3:05  Drone  
  34  3:07  Drone  
  34  3:12  Drone  
  36  3:18  Drone x3  
  36  3:19  Drone  
  40  3:24  Lair  
  40  3:29  Overlord  
  40  3:36  Drone x4  
  44  3:48  Zergling x14  
  50  3:51  Extractor  
  50  3:53  Extractor  
  50  3:54  Extractor  
  48  3:56  Overlord  
  48  3:59  Drone  
  48  4:00  Baneling  
  49  4:07  Queen  
  51  4:11  Drone x3  
  51  4:16  Drone x3  
  57  4:20  Drone x4  
  57  4:22  Drone  
  58  4:31  Drone  
  58  4:37  Overlord  
  58  4:38  Drone  
  58  4:41  Spire  
  58  4:42  Drone x3  
  60  4:46  Extractor  
  60  4:47  Zergling x6  
  60  4:48  Extractor  
  60  4:51  Zergling x4  
  63  4:53  Baneling x2  
  63  4:56  Zergling x4  
  63  4:59  Zergling x4  
  67  5:06  Overlord  
  67  5:10  Zergling x2  
  67  5:11  Zergling x2  
  67  5:20  Zergling x4  
  67  5:21  Zergling x10  
  74  5:23  Baneling x2  
  74  5:26  Overlord  
  74  5:28  Zergling x4  
  76  5:32  Overlord  
  68  5:59  Mutalisk x9  
  68  6:01  Zergling x2  
  78  6:14  Mutalisk x2, Zerg Flyer Weapons Level 1  
  78  6:16  Zergling x8  
  82  6:22  Mutalisk  
  84  6:31  Mutalisk  
  86  6:33  Zergling x4  
  86  6:35  Overlord  
  86  6:39  Overlord  
  88  6:41  Mutalisk x2  
  92  6:47  Overlord x2  
  92  6:52  Overlord  
  92  7:11  Drone x13  
  92  7:12  Baneling x4  
  105  7:16  Mutalisk  
  105  7:17  Mutalisk  
  105  7:22  Mutalisk  
  111  7:26  Mutalisk  
  111  7:28  Overlord  
  113  7:32  Overlord  
  111  7:45  Mutalisk  
  111  7:46  Mutalisk x4  
  111  7:49  Mutalisk  
  121  8:05  Mutalisk x2  
  105  8:09  Zergling x2  
  105  8:10  Zergling x16  
  118  8:18  Mutalisk  
  116  8:20  Zergling x2  
  116  8:21  Zergling x10  
  121  8:30  Mutalisk x2  
  121  8:31  Hatchery  
  124  8:36  Mutalisk  
  124  8:40  Overlord x2  
Tags
 
Add a new tag
Caveats
  • Supply blocks, unpowered buildings, or Contaminate may cause inaccurate times.
  • Supply counts are checked every 10 seconds.